[Event "41st Arco Open 2019"]
[Site "Arco"]
[Date "2019.10.06"]
[Round "3"]
[White "Sedina, Elena"]
[Black "De Vita, Gianni"]
[Result "1-0"]
[ECO "B50"]
[WhiteElo "2294"]
[BlackElo "2011"]
[Annotator "NA"]
[PlyCount "83"]
[EventDate "2019.10.04"]
[EventType "swiss"]
[EventCountry "ITA"]
[SourceTitle "playchess.com"]
[Source "ChessBase"]
[SourceQuality "1"]
[TimeControl "40/5400+30:1800+30"]

1. e4 c5 2. Nf3 d6 3. c3 Nf6 4. Be2 Nbd7 5. d3 g6 6. O-O Bg7 7. Nbd2 Nh5 8. Re1 Nf4 9. Bf1 $14 Nf6 10. d4 N6h5 11. dxc5 O-O 12. cxd6 Qxd6 13. e5 Qc7 14. h3 Ne6 15. g3 Rd8 16. Qe2 Nc5 17. Nd4 Ne6 18. N2f3 Bf8 19. Bg2 a6 20. Be3 Bd7 21. a4 Rdc8 22. a5 Nhg7 23. Nxe6 Nxe6 24. Bb6 Qb8 25. c4 Bc6 26. b4 Be8 27. h4 h5 28. Bh3 Bd7 29. Ng5 Rc6 30. Rad1 Qc8 31. Qd3 Be8 32. Nxe6 fxe6 33. c5 Bg7 34. Bg2 Bf7 35. Qd7 Be8 36. Qxc8 Raxc8 37. f4 Kf7 38. Kf2 Bh6 39. Rd4 Rb8 40. Bxc6 Bxc6 41. Red1 Rg8 42. Rd8 1-0

[Event "41st Arco Open 2019"]
[Site "Arco"]
[Date "2019.10.06"]
[Round "3"]
[White "Fecker, Noah"]
[Black "Tocco, Paolo"]
[Result "1-0"]
[ECO "B00"]
[WhiteElo "2240"]
[BlackElo "2079"]
[Annotator "ChessBase"]
[PlyCount "93"]
[EventDate "2019.10.04"]
[EventType "swiss"]
[EventCountry "ITA"]
[SourceTitle "playchess.com"]
[Source "ChessBase"]
[SourceQuality "1"]
[TimeControl "40/5400+30:1800+30"]

1. e4 b6 2. d4 Bb7 3. Bd3 e6 4. Nf3 c5 5. c3 Nf6 6. Qe2 d5 7. e5 Nfd7 8. O-O Be7 9. a3 a5 10. Rd1 Nc6 11. Nbd2 g5 12. h3 h5 13. g4 hxg4 14. hxg4 c4 15. Bc2 Qc7 16. Nf1 O-O-O 17. Ng3 Rdg8 18. Kg2 Kb8 19. Bd2 Nf8 20. Rh1 Rxh1 21. Rxh1 f6 22. exf6 Bxf6 23. Nh5 Be7 24. Re1 b5 25. Qd1 Ka8 26. Ne5 Nxe5 27. Rxe5 Bd6 28. Rxg5 Rxg5 29. Bxg5 e5 30. Bf5 exd4 31. cxd4 Nd7 32. Qe1 b4 33. Qe8+ Nb8 34. axb4 axb4 35. Nf6 Bc6 36. Qe3 Kb7 37. Be6 Qa5 38. Qc1 Na6 39. Bd2 Nc7 40. Bf7 Nb5 41. Bxd5 c3 42. Bxc6+ Kxc6 43. Ne4 Kd5 44. bxc3 Kxe4 45. Qc2+ Kd5 46. c4+ Kxd4 47. Be3+ 1-0

[Event "41st Arco Open 2019"]
[Site "Arco"]
[Date "2019.10.06"]
[Round "3"]
[White "Schroeder, Wilfried"]
[Black "Sorcinelli, Francesco"]
[Result "1-0"]
[ECO "E63"]
[WhiteElo "2195"]
[BlackElo "2065"]
[Annotator "ChessBase"]
[PlyCount "121"]
[EventDate "2019.10.04"]
[EventType "swiss"]
[EventCountry "ITA"]
[SourceTitle "playchess.com"]
[Source "ChessBase"]
[SourceQuality "1"]
[TimeControl "40/5400+30:1800+30"]

1. d4 Nf6 2. Nf3 g6 3. c4 Bg7 4. g3 O-O 5. Bg2 d6 6. O-O Nc6 7. Nc3 a6 8. d5 Na5 9. b3 Nxd5 10. Nxd5 Bxa1 11. Bd2 Nxc4 12. Bg5 Bf6 13. Bxf6 exf6 14. bxc4 c6 15. Nc3 Be6 16. Qd4 f5 17. e4 f6 18. exf5 Bxf5 19. g4 Be6 20. Re1 Qd7 21. Ne4 Bxg4 22. Nxf6+ Rxf6 23. Qxf6 Rf8 24. Qh4 Qf5 25. Nd2 Qf4 26. Ne4 d5 27. cxd5 cxd5 28. Ng5 h5 29. Bxd5+ Kh8 30. Re3 Qd4 31. Bf3 Qa1+ 32. Kg2 Bxf3+ 33. Nxf3 Qxa2 34. Qd4+ Kg8 35. Re7 Rf7 36. Re8+ Rf8 37. Rxf8+ Kxf8 38. Qd6+ Kg7 39. Qe5+ Kf8 40. Qb8+ Kg7 41. Qxb7+ Kg8 42. Qb8+ Kg7 43. Qe5+ Kg8 44. Qf6 Qb1 45. Qxa6 Qe4 46. Qf6 Qg4+ 47. Kh1 Qe4 48. h3 Qb1+ 49. Kg2 Qe4 50. Kg3 Qd3 51. Qe6+ Kg7 52. Kg2 Qd8 53. Qe5+ Kh6 54. h4 Qc8 55. Qg5+ Kg7 56. Qf4 Qb7 57. Kg3 Qb1 58. Qe5+ Kg8 59. Qd5+ Kg7 60. Kg2 Kh6 61. Qg8 1-0

[Event "41st Arco Open 2019"]
[Site "Arco"]
[Date "2019.10.06"]
[Round "3"]
[White "Dobboletta, Alex"]
[Black "Petrov, Nikita"]
[Result "0-1"]
[ECO "A88"]
[WhiteElo "2190"]
[BlackElo "2586"]
[Annotator "ChessBase"]
[PlyCount "58"]
[EventDate "2019.10.04"]
[EventType "swiss"]
[EventCountry "ITA"]
[SourceTitle "playchess.com"]
[Source "ChessBase"]
[SourceQuality "1"]
[TimeControl "40/5400+30:1800+30"]

1. d4 f5 2. c4 Nf6 3. Nf3 g6 4. g3 Bg7 5. Bg2 O-O 6. O-O d6 7. Nc3 c6 8. Rb1 a5 9. Qc2 Na6 10. a3 Qe8 11. Rd1 e5 12. b4 axb4 13. axb4 e4 14. Ng5 h6 15. Nh3 g5 16. f3 Nc7 17. Nf2 e3 18. Nd3 f4 19. gxf4 Bf5 20. fxg5 hxg5 21. Qb3 g4 22. Rb2 Bh6 23. Ne4 Nxe4 24. fxe4 Bxe4 25. Ne1 Qf7 26. Bxe3 Rae8 27. d5 Bxg2 28. Nxg2 Bxe3+ 29. Nxe3 Qf2+ 0-1

[Event "41st Arco Open 2019"]
[Site "Arco"]
[Date "2019.10.06"]
[Round "3"]
[White "Van den Bersselaar, Jeroen"]
[Black "Horvath, Csaba"]
[Result "0-1"]
[ECO "A14"]
[WhiteElo "2175"]
[BlackElo "2503"]
[Annotator "ChessBase"]
[PlyCount "52"]
[EventDate "2019.10.04"]
[EventType "swiss"]
[EventCountry "ITA"]
[SourceTitle "playchess.com"]
[Source "ChessBase"]
[SourceQuality "1"]
[TimeControl "40/5400+30:1800+30"]

1. Nf3 Nf6 2. c4 b6 3. g3 Bb7 4. Bg2 e6 5. O-O Be7 6. Nc3 O-O 7. b3 d5 8. cxd5 Nxd5 9. Bb2 c5 10. Nxd5 Bxd5 11. Qb1 Nd7 12. e4 Bb7 13. Rd1 Qc7 14. d4 Nf6 15. Ne5 Rfd8 16. Nc4 b5 17. Ne3 cxd4 18. Rxd4 Rxd4 19. Bxd4 Rd8 20. Bb2 Qc8 21. a4 Qa8 22. axb5 Nxe4 23. Ra4 Nd2 24. Qc2 Bxg2 25. Nxg2 Nf3+ 26. Kh1 Rd2 0-1

[Event "41st Arco Open 2019"]
[Site "Arco"]
[Date "2019.10.06"]
[Round "3"]
[White "Schulz, Michael"]
[Black "Favaloro, Andrea"]
[Result "0-1"]
[ECO "D00"]
[WhiteElo "2174"]
[BlackElo "2338"]
[Annotator "ChessBase"]
[PlyCount "62"]
[EventDate "2019.10.04"]
[EventType "swiss"]
[EventCountry "ITA"]
[SourceTitle "playchess.com"]
[Source "ChessBase"]
[SourceQuality "1"]
[TimeControl "40/5400+30:1800+30"]

1. d4 d5 2. Bf4 Nf6 3. e3 e6 4. Nd2 Bd6 5. Bg3 O-O 6. Bd3 c5 7. c3 Qc7 8. dxc5 Qxc5 9. Ngf3 Re8 10. Bxd6 Qxd6 11. Nc4 Qc7 12. Nce5 Nc6 13. Nxc6 bxc6 14. g4 e5 15. g5 Nd7 16. Be2 Nc5 17. h4 Bg4 18. Ng1 Bf5 19. Nf3 Rab8 20. b4 Ne4 21. Rc1 Rbd8 22. Kf1 Qe7 23. Kg2 f6 24. g6 Bxg6 25. h5 Bf7 26. Nh4 f5 27. Nxf5 Qf6 28. Bg4 Be6 29. f3 Bxf5 30. Bxf5 Qxf5 31. fxe4 Qg5+ 0-1

[Event "41st Arco Open 2019"]
[Site "Arco"]
[Date "2019.10.06"]
[Round "3"]
[White "Leutwyler, Martin"]
[Black "Curien, Nicolas"]
[Result "1-0"]
[ECO "D07"]
[WhiteElo "2154"]
[BlackElo "2261"]
[Annotator "RC"]
[PlyCount "151"]
[EventDate "2019.10.04"]
[EventType "swiss"]
[EventCountry "ITA"]
[SourceTitle "playchess.com"]
[Source "ChessBase"]
[SourceQuality "1"]
[TimeControl "40/5400+30:1800+30"]

1. d4 d5 2. c4 Nc6 3. Nf3 Bg4 4. Nc3 e6 5. cxd5 exd5 6. Qb3 Bxf3 7. exf3 Bb4 8. Bb5 Bxc3+ 9. bxc3 Nge7 10. Ba3 O-O 11. O-O Re8 12. Rfe1 a6 13. Bxe7 Rxe7 14. Bxc6 bxc6 15. Rxe7 Qxe7 16. Qb7 Re8 17. Qxa6 c5 18. g3 h5 19. Kg2 cxd4 20. cxd4 c5 21. dxc5 Qxc5 22. Qd3 h4 23. Qd2 Qc4 24. Rc1 Qb5 25. Qd4 Qe2 26. Qxh4 Qxa2 27. Qd4 Qb3 28. Rc5 Rd8 29. Rc7 Qb5 30. Rc5 Qb7 31. h4 Qd7 32. Ra5 Qe6 33. Rb5 Qd6 34. Rb6 Qc7 35. h5 Rd6 36. Rb5 Qd8 37. g4 Rd7 38. Qb2 Qe7 39. Qd4 Qd8 40. Qb2 Qe7 41. Rb4 Rd8 42. Qd4 Rd7 43. Rb3 Qd8 44. Qe5 Rd6 45. Qd4 Rd7 46. Re3 Rd6 47. Re5 f6 48. Re1 Rd7 49. Rb1 Qc7 50. Rd1 Qe5 51. f4 Qe2 52. Kg3 f5 53. f3 fxg4 54. fxg4 Qe6 55. Rd3 Qe1+ 56. Qf2 Qc1 57. Qe3 Qxe3+ 58. Rxe3 Kf7 59. Kf3 Ra7 60. Rb3 Kf6 61. Ke3 Ra1 62. Rb6+ Kf7 63. h6 gxh6 64. Rxh6 Ke7 65. g5 Ra4 66. f5 Rg4 67. Re6+ Kd7 68. g6 d4+ 69. Kd3 Rg5 70. Rf6 Rg4 71. Rf7+ Ke8 72. Kc4 Rf4 73. f6 Rg4 74. Re7+ Kf8 75. g7+ Kg8 76. Re8+ 1-0

[Event "41st Arco Open 2019"]
[Site "Arco"]
[Date "2019.10.06"]
[Round "3"]
[White "Heidel, Andre Nicolas"]
[Black "Dittmar, Peter"]
[Result "1-0"]
[ECO "A46"]
[WhiteElo "2140"]
[BlackElo "2253"]
[Annotator "ChessBase"]
[PlyCount "108"]
[EventDate "2019.10.04"]
[EventType "swiss"]
[EventCountry "ITA"]
[SourceTitle "playchess.com"]
[Source "ChessBase"]
[SourceQuality "1"]
[TimeControl "40/5400+30:1800+30"]

1. d4 Nf6 2. Nf3 e6 3. g3 b5 4. Bg2 Bb7 5. O-O c5 6. Bf4 cxd4 7. Nxd4 Bxg2 8. Kxg2 Qb6 9. a4 bxa4 10. Nc3 Nc6 11. Ndb5 e5 12. Bg5 Nb4 13. Bxf6 gxf6 14. e4 Rc8 15. Qd2 a6 16. Na3 Qc6 17. Rad1 h5 18. f4 h4 19. gxh4 Rxh4 20. Rf3 Bh6 21. Ne2 Bxf4 22. Nxf4 Rxf4 23. Rxf4 exf4 24. Qxb4 Qe6 25. Qd4 Qg4+ 26. Kf2 Qh3 27. Kg1 Qg4+ 28. Kf1 Qf3+ 29. Ke1 Qh1+ 30. Kd2 Qxh2+ 31. Kc1 Qh3 32. Qxf6 Qe3+ 33. Kb1 Rc6 34. Qh8+ Ke7 35. e5 Qg3 36. Qb8 Qg4 37. Qb4+ Kd8 38. Rh1 Kc7 39. Qxa4 Qg2 40. Qa5+ Kb7 41. Rd1 Qg4 42. Qb4+ Kc7 43. Qd4 Qf5 44. Rf1 f3 45. Qe3 f6 46. Rxf3 Qxe5 47. Qa7+ Kd8 48. Qa8+ Ke7 49. Qg8 Qg5 50. Qh7+ Kd8 51. Rd3 Qg1+ 52. Ka2 Qg4 53. Qh8+ Kc7 54. Rb3 Kd6 1-0

[Event "41st Arco Open 2019"]
[Site "Arco"]
[Date "2019.10.06"]
[Round "3"]
[White "zum Felde, Michael"]
[Black "Scheftlein, Richard"]
[Result "1/2-1/2"]
[ECO "B17"]
[WhiteElo "2139"]
[BlackElo "2236"]
[Annotator "NA"]
[PlyCount "32"]
[EventDate "2019.10.04"]
[EventType "swiss"]
[EventCountry "ITA"]
[SourceTitle "playchess.com"]
[Source "ChessBase"]
[SourceQuality "1"]
[TimeControl "40/5400+30:1800+30"]

1. e4 c6 2. d4 d5 3. Nd2 dxe4 4. Nxe4 Nd7 5. Nf3 Ngf6 6. Ng3 e6 7. Be2 Bd6 8. Qd3 Qc7 9. Ng5 h6 10. N5e4 Be7 11. Nxf6+ Nxf6 12. Ne4 b6 13. c3 Bb7 14. O-O Rd8 15. Qg3 Qxg3 16. Nxf6+ Bxf6 1/2-1/2

[Event "41st Arco Open 2019"]
[Site "Arco"]
[Date "2019.10.06"]
[Round "3"]
[White "Klings, Peter"]
[Black "Vezzosi, Paolo"]
[Result "0-1"]
[ECO "B31"]
[WhiteElo "2116"]
[BlackElo "2235"]
[Annotator "ChessBase"]
[PlyCount "80"]
[EventDate "2019.10.04"]
[EventType "swiss"]
[EventCountry "ITA"]
[SourceTitle "playchess.com"]
[Source "ChessBase"]
[SourceQuality "1"]
[TimeControl "40/5400+30:1800+30"]

1. e4 c5 2. Nf3 Nc6 3. Bb5 Nf6 4. e5 Nd5 5. O-O g6 6. Re1 Bg7 7. Nc3 Nc7 8. Bxc6 dxc6 9. Ne4 Ne6 10. d3 b6 11. Be3 Qc7 12. Qd2 Bxe5 13. Nxe5 Qxe5 14. Bh6 Bd7 15. a4 Rg8 16. c3 O-O-O 17. Ng5 Qf5 18. a5 b5 19. a6 Nxg5 20. Bxg5 Be6 21. d4 Rd7 22. Bf4 f6 23. Qe3 Bd5 24. h3 h5 25. Bh2 h4 26. dxc5 g5 27. f3 e5 28. Rad1 Rgd8 29. Kh1 Bb3 30. Rxd7 Rxd7 31. Bg1 Rd3 32. Qe2 Bc4 33. Qf2 Qd7 34. Qc2 Be6 35. Re2 Kc7 36. Re3 Rd2 37. Qg6 Bxh3 38. Bh2 Bxg2+ 39. Kg1 Bxf3 40. Rxf3 Qg4+ 0-1

[Event "41st Arco Open 2019"]
[Site "Arco"]
[Date "2019.10.06"]
[Round "3"]
[White "Cardili, Mariano"]
[Black "Qendro, Llambi"]
[Result "1/2-1/2"]
[ECO "A42"]
[WhiteElo "2079"]
[BlackElo "2312"]
[Annotator "ChessBase"]
[PlyCount "58"]
[EventDate "2019.10.04"]
[EventType "swiss"]
[EventCountry "ITA"]
[SourceTitle "playchess.com"]
[Source "ChessBase"]
[SourceQuality "1"]
[TimeControl "40/5400+30:1800+30"]

1. d4 g6 2. c4 Bg7 3. Nc3 d6 4. e4 e5 5. Nf3 exd4 6. Nxd4 Nc6 7. Be3 Nge7 8. Be2 O-O 9. O-O f5 10. exf5 Bxd4 11. Bxd4 Nxf5 12. Be3 Nxe3 13. fxe3 Rxf1+ 14. Qxf1 Be6 15. Qf4 Qe7 16. Bf3 Rf8 17. Qe4 Ne5 18. Be2 b6 19. Rf1 Rxf1+ 20. Bxf1 Kg7 21. Be2 a5 22. Nb5 Bf5 23. Qf4 Bd3 24. Bxd3 Nxd3 25. Qd4+ Ne5 26. Nc3 Qf7 27. Nd5 g5 28. b3 Qf5 29. e4 Qg4 1/2-1/2

[Event "41st Arco Open 2019"]
[Site "Arco"]
[Date "2019.10.06"]
[Round "3"]
[White "Knors, Rudi"]
[Black "Welling, Gerard"]
[Result "0-1"]
[ECO "B06"]
[WhiteElo "2075"]
[BlackElo "2302"]
[Annotator "ChessBase"]
[PlyCount "101"]
[EventDate "2019.10.04"]
[EventType "swiss"]
[EventCountry "ITA"]
[SourceTitle "playchess.com"]
[Source "ChessBase"]
[SourceQuality "1"]
[TimeControl "40/5400+30:1800+30"]

1. d4 g6 2. g3 Bg7 3. Bg2 d6 4. e4 Nc6 5. Ne2 e5 6. Be3 Bg4 7. f3 Bd7 8. Nbc3 Qc8 9. Qd2 Nf6 10. Bh6 O-O 11. Bxg7 Kxg7 12. O-O-O Bh3 13. Bxh3 Qxh3 14. d5 Ne7 15. f4 a6 16. fxe5 dxe5 17. Rdf1 Ne8 18. Nd1 Qh6 19. g4 Qxd2+ 20. Kxd2 Nd6 21. Ng3 c6 22. dxc6 Nxc6 23. Ne3 Rfd8 24. Kc1 Nd4 25. Rd1 Rac8 26. Kb1 Nc4 27. Nxc4 Rxc4 28. c3 Ne6 29. Rxd8 Nxd8 30. Rd1 Ne6 31. Kc2 Rc7 32. Ne2 Ng5 33. Ng3 Nh3 34. Nh1 Kf6 35. Rd3 Nf4 36. Re3 Kg5 37. Nf2 Rd7 38. Rg3 Rd6 39. Re3 Rf6 40. Rf3 Nd5 41. Nh3+ Kh4 42. Rg3 Nc7 43. Kd3 Ne6 44. Ke3 Rf4 45. Nf2 Ng5 46. Rg2 b5 47. b3 Rf3+ 48. Kd2 Rxf2+ 49. Rxf2 Nxe4+ 50. Ke3 Nxf2 51. Kxf2 0-1

[Event "41st Arco Open 2019"]
[Site "Arco"]
[Date "2019.10.06"]
[Round "3"]
[White "Voelker, Sebastian"]
[Black "Kuhn, Tobias"]
[Result "1/2-1/2"]
[ECO "B40"]
[WhiteElo "2074"]
[BlackElo "2234"]
[Annotator "ChessBase"]
[PlyCount "33"]
[EventDate "2019.10.04"]
[EventType "swiss"]
[EventCountry "ITA"]
[SourceTitle "playchess.com"]
[Source "ChessBase"]
[SourceQuality "1"]
[TimeControl "40/5400+30:1800+30"]

1. e4 c5 2. Nf3 e6 3. d4 cxd4 4. Nxd4 Nc6 5. Nxc6 bxc6 6. Bd3 Nf6 7. O-O d5 8. Nd2 Be7 9. Kh1 Qb6 10. e5 Nd7 11. Qg4 g6 12. f4 Nc5 13. Be2 Ba6 14. c4 h5 15. Qf3 Rd8 16. Rb1 Nd7 17. b4 1/2-1/2

[Event "41st Arco Open 2019"]
[Site "Arco"]
[Date "2019.10.06"]
[Round "3"]
[White "Beulertz, Stefan"]
[Black "Felgendreher, Heiko"]
[Result "1/2-1/2"]
[ECO "B90"]
[WhiteElo "2035"]
[BlackElo "2196"]
[Annotator "ChessBase"]
[PlyCount "83"]
[EventDate "2019.10.04"]
[EventType "swiss"]
[EventCountry "ITA"]
[SourceTitle "playchess.com"]
[Source "ChessBase"]
[SourceQuality "1"]
[TimeControl "40/5400+30:1800+30"]

1. e4 c5 2. Nf3 d6 3. d4 cxd4 4. Nxd4 Nf6 5. Nc3 a6 6. Rg1 e5 7. Nb3 Be6 8. g4 d5 9. exd5 Nxd5 10. Nxd5 Qxd5 11. Qxd5 Bxd5 12. Be3 Nc6 13. O-O-O Nb4 14. a3 Rc8 15. Na1 Bf3 16. axb4 Bxd1 17. Kxd1 Bxb4 18. Bg2 Rc7 19. c3 Be7 20. Bb6 Rd7+ 21. Ke2 h5 22. h3 hxg4 23. hxg4 Rh4 24. Bf3 Bg5 25. Nb3 Rh6 26. Be3 Bxe3 27. Kxe3 b6 28. Ra1 a5 29. Be2 Ke7 30. Nd2 Rh3+ 31. f3 Kd6 32. Ne4+ Kc7 33. b4 axb4 34. Ra7+ Kd8 35. Rxd7+ Kxd7 36. cxb4 Rh1 37. g5 Rb1 38. b5 Rb3+ 39. Kf2 Rb2 40. Ke3 Rb3+ 41. Kf2 Rb2 42. Ke3 1/2-1/2

[Event "41st Arco Open 2019"]
[Site "Arco"]
[Date "2019.10.10"]
[Round "7"]
[White "Halkias, Stelios"]
[Black "Horvath, Csaba"]
[Result "1/2-1/2"]
[ECO "D17"]
[WhiteElo "2530"]
[BlackElo "2503"]
[Annotator "ChessBase"]
[PlyCount "40"]
[EventDate "2019.10.04"]
[EventType "swiss"]
[EventCountry "ITA"]
[SourceTitle "playchess.com"]
[Source "ChessBase"]
[SourceQuality "1"]
[TimeControl "40/5400+30:1800+30"]

1. Nf3 d5 2. d4 Nf6 3. c4 c6 4. Nc3 dxc4 5. a4 Bf5 6. Ne5 Nbd7 7. Nxc4 Qc7 8. g3 e5 9. dxe5 Nxe5 10. Bf4 Nfd7 11. Bg2 f6 12. O-O Be6 13. Nxe5 Nxe5 14. Qc2 Qa5 15. Be4 Be7 16. Na2 Ng6 17. Bd2 Qh5 18. Bf3 Qh3 19. Bg2 Qh5 20. Bf3 Qh3 1/2-1/2

[Event "41st Arco Open 2019"]
[Site "Arco"]
[Date "2019.10.10"]
[Round "7"]
[White "Horvath, Jozsef"]
[Black "Shehzad, Shazil"]
[Result "1/2-1/2"]
[ECO "E14"]
[WhiteElo "2450"]
[BlackElo "2140"]
[Annotator "ChessBase"]
[PlyCount "47"]
[EventDate "2019.10.04"]
[EventType "swiss"]
[EventCountry "ITA"]
[SourceTitle "playchess.com"]
[Source "ChessBase"]
[SourceQuality "1"]
[TimeControl "40/5400+30:1800+30"]

1. Nf3 d5 2. e3 Nf6 3. c4 e6 4. b3 Be7 5. Bb2 O-O 6. d4 b6 7. Nc3 Bb7 8. Bd3 Nbd7 9. O-O a6 10. Rc1 dxc4 11. bxc4 c5 12. a4 cxd4 13. exd4 Qc7 14. Re1 Rad8 15. Nd5 exd5 16. Rxe7 Qd6 17. Re1 dxc4 18. Bxc4 b5 19. axb5 axb5 20. Bxb5 Qb6 21. Bxd7 Bxf3 22. Qxf3 Qxb2 23. Bc6 Qxd4 24. Qc3 1/2-1/2

[Event "41st Arco Open 2019"]
[Site "Arco"]
[Date "2019.10.10"]
[Round "7"]
[White "Sarkar, Justin"]
[Black "Petrov, Nikita"]
[Result "0-1"]
[ECO "A80"]
[WhiteElo "2350"]
[BlackElo "2586"]
[Annotator "ChessBase"]
[PlyCount "116"]
[EventDate "2019.10.04"]
[EventType "swiss"]
[EventCountry "ITA"]
[SourceTitle "playchess.com"]
[Source "ChessBase"]
[SourceQuality "1"]
[TimeControl "40/5400+30:1800+30"]

1. d4 f5 2. Bg5 h6 3. Bf4 Nf6 4. e3 d6 5. Be2 g6 6. h3 Bg7 7. Nf3 O-O 8. O-O Nbd7 9. c4 Ne4 10. Bh2 e5 11. Nbd2 Nxd2 12. Qxd2 e4 13. Ne1 g5 14. b4 Nf6 15. c5 Be6 16. Nc2 Nd5 17. f3 exf3 18. Bxf3 g4 19. hxg4 fxg4 20. Be4 Qh4 21. g3 Qg5 22. Qd3 Rae8 23. Rxf8+ Rxf8 24. Bg2 h5 25. e4 Nxb4 26. Nxb4 dxc5 27. Nc2 cxd4 28. e5 c5 29. Re1 b6 30. a4 Rf5 31. Na3 Rxe5 32. Rxe5 Qxe5 33. Nc4 Qe1+ 34. Bf1 Bd5 35. Qe2 Qxe2 36. Bxe2 Bc6 37. Bd1 Kf7 38. Kf2 Ke6 39. Bc2 Bf6 40. Ke2 Bd8 41. Bg1 a6 42. Nd2 b5 43. axb5 axb5 44. Bg6 h4 45. gxh4 Bxh4 46. Bh5 Kf5 47. Nb3 Bf3+ 48. Kd2 Bg5+ 49. Ke1 Be3 50. Bxe3 dxe3 51. Nxc5 b4 52. Nd3 b3 53. Kf1 Be4 54. Nb2 Kf4 55. Bf7 g3 56. Bc4 Ke5 57. Nd1 Kd4 58. Nxe3 b2 0-1

[Event "41st Arco Open 2019"]
[Site "Arco"]
[Date "2019.10.10"]
[Round "7"]
[White "Molnar, Bela"]
[Black "Glienke, Manfred Dr."]
[Result "1/2-1/2"]
[ECO "B30"]
[WhiteElo "2305"]
[BlackElo "2235"]
[Annotator "NA"]
[PlyCount "70"]
[EventDate "2019.10.04"]
[EventType "swiss"]
[EventCountry "ITA"]
[SourceTitle "playchess.com"]
[Source "ChessBase"]
[SourceQuality "1"]
[TimeControl "40/5400+30:1800+30"]

1. e4 c5 2. Nf3 Nc6 3. Nc3 e5 4. Bc4 d6 5. O-O Be7 6. d3 Nf6 7. Ng5 O-O 8. f4 Na5 9. f5 a6 10. a4 Bd7 11. Rf3 Nxc4 12. dxc4 Bc6 13. a5 h6 14. Rh3 Re8 15. Qe2 hxg5 16. Bxg5 Kf8 17. g4 Ng8 18. Be3 f6 19. Rh8 Qc7 20. h4 Bd8 21. g5 Ke7 22. Rh7 Kd7 23. Rxg7+ Be7 24. Qh5 Rf8 25. Qh7 Rae8 26. g6 b5 27. axb6 Qxb6 28. b3 Qb7 29. Nd5 Bxd5 30. exd5 Qb4 31. Bf2 Qd2 32. Rxa6 Qd1+ 33. Kh2 Qf3 34. Ra7+ Kc8 35. Kg1 Qd1+ 1/2-1/2

[Event "41st Arco Open 2019"]
[Site "Arco"]
[Date "2019.10.10"]
[Round "7"]
[White "Fecker, Noah"]
[Black "Schroeder, Wilfried"]
[Result "1-0"]
[ECO "B19"]
[WhiteElo "2240"]
[BlackElo "2195"]
[Annotator "NA"]
[PlyCount "89"]
[EventDate "2019.10.04"]
[EventType "swiss"]
[EventCountry "ITA"]
[SourceTitle "playchess.com"]
[Source "ChessBase"]
[SourceQuality "1"]
[TimeControl "40/5400+30:1800+30"]

1. e4 c6 2. d4 d5 3. Nc3 dxe4 4. Nxe4 Bf5 5. Ng3 Bg6 6. h4 h6 7. Nf3 Nd7 8. h5 Bh7 9. Bd3 $11 Bxd3 10. Qxd3 e6 11. Bd2 Ngf6 12. O-O-O Qc7 13. Ne4 O-O-O 14. g3 Nxe4 15. Qxe4 Bd6 16. Kb1 c5 17. dxc5 Nxc5 18. Qc4 e5 19. Bc3 f6 20. Bb4 Be7 21. Nh4 a5 22. Ba3 Rxd1+ 23. Rxd1 Rd8 24. Rxd8+ Qxd8 25. Kc1 b5 26. Qxb5 Qd5 27. Qe8+ Bd8 28. Bxc5 Qh1+ 29. Kd2 Qd5+ 30. Ke1 Qxc5 31. c3 Qd5 32. Qa4 Qd3 33. Qg4+ Kb8 34. Qf5 e4 35. Qf4+ Bc7 36. Qd2 Qb1+ 37. Ke2 Qxa2 38. Nf5 Qb1 39. Nxg7 Bb6 40. Nf5 Qh1 41. Qf4+ Bc7 42. Qg4 a4 43. Ne7 Ka7 44. Qd7 Qxh5+ 45. g4 1-0

[Event "41st Arco Open 2019"]
[Site "Arco"]
[Date "2019.10.10"]
[Round "7"]
[White "Scheftlein, Richard"]
[Black "Kostov, Kiril"]
[Result "1-0"]
[ECO "D36"]
[WhiteElo "2236"]
[BlackElo "1832"]
[Annotator "NA"]
[PlyCount "101"]
[EventDate "2019.10.04"]
[EventType "swiss"]
[EventCountry "ITA"]
[SourceTitle "playchess.com"]
[Source "ChessBase"]
[SourceQuality "1"]
[TimeControl "40/5400+30:1800+30"]

1. d4 d5 2. c4 e6 3. Nc3 Nf6 4. cxd5 exd5 5. Bg5 c6 6. e3 Be7 7. Bd3 Nbd7 8. Nge2 Nh5 9. Bxe7 Qxe7 10. Qc2 g6 11. O-O-O Ndf6 12. h3 Ng7 13. Rhe1 O-O 14. Kb1 Bf5 15. Ng3 Bxd3 16. Qxd3 Rfe8 17. f3 Qc7 18. Nf1 Ne6 19. Qd2 Rad8 20. Qf2 b5 21. Ng3 Kg7 22. e4 dxe4 23. Ngxe4 Nxe4 24. fxe4 Qb6 25. Rf1 Rd7 26. Qf6+ Kg8 27. d5 Nd8 28. dxc6 Rxd1+ 29. Rxd1 Nxc6 30. Nd5 Qc5 31. Rc1 Qd4 32. Qxc6 Qxe4+ 33. Ka1 Kg7 34. Qf6+ Kg8 35. Qf3 Qxf3 36. gxf3 Re5 37. Rd1 Kg7 38. f4 Rh5 39. Rd3 g5 40. fxg5 Rxg5 41. Kb1 a5 42. a3 f5 43. Nc7 Kh6 44. Nxb5 f4 45. Nd4 Rd5 46. Kc2 a4 47. Nf3 Rc5+ 48. Rc3 Rh5 49. Rc6+ Kg7 50. h4 Rb5 51. Rc4 1-0

[Event "41st Arco Open 2019"]
[Site "Arco"]
[Date "2019.10.10"]
[Round "7"]
[White "Pasini, Nicolo"]
[Black "Sedina, Elena"]
[Result "0-1"]
[ECO "D17"]
[WhiteElo "2234"]
[BlackElo "2294"]
[Annotator "NA"]
[PlyCount "96"]
[EventDate "2019.10.04"]
[EventType "swiss"]
[EventCountry "ITA"]
[SourceTitle "playchess.com"]
[Source "ChessBase"]
[SourceQuality "1"]
[TimeControl "40/5400+30:1800+30"]

1. d4 d5 2. c4 c6 3. Nf3 Nf6 4. Nc3 dxc4 5. a4 Bf5 6. Ne5 Nbd7 7. Nxc4 Qc7 8. g3 e5 9. dxe5 Nxe5 10. Bf4 Nfd7 11. Bg2 f6 12. O-O Rd8 13. a5 Nc5 14. Bxe5 fxe5 15. Qc1 Nb3 16. Qg5 Be6 17. Ra4 Nc5 18. Rb4 Nd7 19. Ra4 Nc5 20. Qxe5 Qxe5 21. Nxe5 Nxa4 22. Nxa4 Bd5 23. e4 Bb3 24. Nc3 Bd6 25. Nd3 Bc4 26. Rd1 O-O 27. Bf1 Bc7 28. Nc5 Rxd1 29. Nxd1 Bxf1 30. Kxf1 Bxa5 31. f4 Rd8 32. Nf2 Bb6 33. Nfd3 Bxc5 34. Nxc5 b6 35. Na6 Rd2 36. b4 Rxh2 37. e5 Kf7 38. f5 Rc2 39. Nc7 a5 40. b5 a4 41. bxc6 Rxc6 42. e6+ Ke7 43. Nd5+ Ke8 44. g4 a3 45. Nb4 Rc4 46. Na2 Rc2 47. g5 Rxa2 48. f6 gxf6 0-1

[Event "41st Arco Open 2019"]
[Site "Arco"]
[Date "2019.10.10"]
[Round "7"]
[White "Pedersen, Henrik Bolding"]
[Black "Okhotnik, Vladimir"]
[Result "0-1"]
[ECO "A45"]
[WhiteElo "2147"]
[BlackElo "2352"]
[Annotator "NA"]
[PlyCount "88"]
[EventDate "2019.10.04"]
[EventType "swiss"]
[EventCountry "ITA"]
[SourceTitle "playchess.com"]
[Source "ChessBase"]
[SourceQuality "1"]
[TimeControl "40/5400+30:1800+30"]

1. d4 Nf6 2. Bf4 c5 3. e3 cxd4 4. exd4 Qb6 5. Nc3 d5 6. Nb5 Na6 7. a4 g6 $14 8. Bd3 Bg7 9. c3 Nh5 10. Be3 O-O 11. Ne2 Nc7 12. a5 Qc6 13. Na3 f6 14. Ng3 Nxg3 15. hxg3 e5 16. Nc2 e4 17. Be2 g5 18. Nb4 Qd6 19. Qb3 Be6 20. O-O h6 21. c4 f5 22. Nxd5 Nxd5 23. cxd5 Qxd5 24. Qxd5 Bxd5 25. Rfd1 Rac8 26. Rac1 Bb3 27. Re1 Bc2 28. Bd1 Bxd1 29. Rexd1 a6 30. b4 Rxc1 31. Bxc1 Rd8 32. Be3 Bf8 33. Rb1 Rd5 34. f3 Bd6 35. fxe4 fxe4 36. g4 Rb5 37. Bd2 Kf7 38. Bc3 Ke6 39. d5+ Kxd5 40. Rd1+ Kc4 41. Bg7 Bxb4 42. Rd4+ Kb3 43. Rxe4 Bxa5 44. Bxh6 Bc3 0-1